TOP OF THE 1ST |
Kansas City Royals batting - Pitching for Cleveland Guardians : RHP James Tate
|
Pitching: RHP James Tate
|
|
Batting: LHB Gustavo López
|
0-0: Ball 1-0: Ball 2-0: Foul Ball, location: 5FF 2-1: Ball 3-1: Fly out, F8 (Flyball, 8RS, EV 93.8 MPH)
|
Batting: SHB Nander De Sedas
|
0-0: Ball 1-0: Called Strike 1-1: Foul Ball, location: 7LSF 1-2: Foul Ball, location: 2F 1-2: Ground out 4-3 (Groundball, 4, EV 103.8 MPH)
|
Batting: RHB Mark Baker
|
0-0: Ball 1-0: Called Strike 1-1: Ball 2-1: Fly out, F9 (Flyball, 89D, EV 96.3 MPH)
|
Top of the 1st over - 0 runs, 0 hits, 0 errors, 0 left on base; Kansas City 0 - Cleveland 0 |
BOTTOM OF THE 1ST |
Cleveland Guardians batting - Pitching for Kansas City Royals : RHP Chris Rivers
|
Pitching: RHP Chris Rivers
|
|
Batting: RHB Luke Musgrave
|
0-0: Ball 1-0: Ball 2-0: Called Strike 2-1: Swinging Strike 2-2: Ground out 6-3 (Groundball, 56, EV 91.3 MPH)
|
Batting: LHB Alek Thomas
|
0-0: Ground out 6-3 (Groundball, 56, EV 85.6 MPH)
|
Batting: RHB Evan Waxman
|
0-0: Called Strike 0-1: Called Strike 0-2: Foul Ball, location: 2F 0-2: Strikes out swinging
|
Bottom of the 1st over - 0 runs, 0 hits, 0 errors, 0 left on base; Kansas City 0 - Cleveland 0 |
TOP OF THE 2ND |
Kansas City Royals batting - Pitching for Cleveland Guardians : RHP James Tate
|
Batting: RHB Francisco Alvarez
|
0-0: Fly out, F3 (Popup, 3SF, EV 77.5 MPH)
|
Batting: LHB Paul Robbins
|
0-0: Swinging Strike 0-1: Swinging Strike 0-2: Strikes out looking
|
Batting: RHB Kody Clemens
|
0-0: Foul Ball, location: 5FF 0-1: Ball 1-1: Foul Ball, location: 2F 1-2: Foul Ball, location: 2F 1-2: Ball 2-2: Ball 3-2: Foul Ball, location: 3DF 3-2: Foul Ball, location: 9LDF 3-2: Strikes out looking
|
Top of the 2nd over - 0 runs, 0 hits, 0 errors, 0 left on base; Kansas City 0 - Cleveland 0 |
BOTTOM OF THE 2ND |
Cleveland Guardians batting - Pitching for Kansas City Royals : RHP Chris Rivers
|
Batting: RHB J.R. Justice
|
0-0: Ball 1-0: Ball 2-0: Called Strike 2-1: Ball 3-1: Foul Ball, location: 23F 3-2: Ground out 5-3 (Groundball, 5S, EV 85.0 MPH)
|
Batting: LHB Chris Betts
|
0-0: Ball 1-0: Called Strike 1-1: Fly out, F9 (Flyball, 9, EV 85.0 MPH)
|
Batting: SHB Matt Jenkins
|
0-0: Called Strike 0-1: Ball 1-1: Ball 2-1: Swinging Strike 2-2: Ball 3-2: Base on Balls
|
Batting: RHB Nick Gonzales
|
0-0: Called Strike 0-1: Foul Ball, location: 2F 0-2: Ball 1-2: Ball 2-2: Ball 3-2: SINGLE (Groundball, 34D, EV 100.6 MPH) Matt Jenkins to second Matt Jenkins to third
|
Batting: LHB Jorge Ayala
|
0-0: Called Strike 0-1: Foul Ball, location: 2F 0-2: Foul Ball, location: 2LF 0-2: Ball 1-2: Ball 2-2: Fly out, F9 (Flyball, 9D, EV 93.1 MPH)
|
Bottom of the 2nd over - 0 runs, 1 hit, 0 errors, 2 left on base; Kansas City 0 - Cleveland 0 |
TOP OF THE 3RD |
Kansas City Royals batting - Pitching for Cleveland Guardians : RHP James Tate
|
Batting: RHB Daz Cameron
|
0-0: Ball 1-0: Ball 2-0: Ball 3-0: Called Strike 3-1: Base on Balls
|
Batting: LHB Bernard Blanchard
|
0-0: Foul Ball, location: 3F 0-1: Called Strike 0-2: SINGLE (Groundball, 13S, EV 73.8 MPH) (infield hit) Daz Cameron to second
|
Batting: SHB Tyler Donaldson
|
0-0: Ball 1-0: Ball 2-0: Called Strike 2-1: Foul Ball, location: 3F 2-2: Ball 3-2: Foul Ball, location: 25FF 3-2: Fielders Choice at 2nd, 4-6 (Groundball, 4, EV 109.4 MPH) Daz Cameron to third
|
Batting: LHB Gustavo López
|
0-0: Fielders Choice at 2nd, 3-6 (Groundball, 3S, EV 84.4 MPH) Daz Cameron scores
|
Batting: SHB Nander De Sedas
|
0-0: Called Strike 0-1: Ball 1-1: Ball 2-1: Swinging Strike 2-2: Ball 3-2: Base on Balls Gustavo López to second
|
Batting: RHB Mark Baker
|
0-0: Called Strike 0-1: Called Strike 0-2: Ball 1-2: Ball 2-2: Fielders Choice at 2nd, 6-4 (Groundball, 6, EV 87.5 MPH)
|
Top of the 3rd over - 1 run, 1 hit, 0 errors, 2 left on base; Kansas City 1 - Cleveland 0 |
BOTTOM OF THE 3RD |
Cleveland Guardians batting - Pitching for Kansas City Royals : RHP Chris Rivers
|
Batting: RHB Jeremy Eierman
|
0-0: Ball 1-0: Foul Ball, location: 9LDF 1-1: Ball 2-1: Ball 3-1: Base on Balls
|
Batting: RHB Luke Musgrave
|
0-0: Fly out, F7 (Flyball, 7LM, EV 110.6 MPH)
|
Batting: LHB Alek Thomas
|
0-0: Fly out, F7 (Flyball, 7S, EV 94.4 MPH)
|
Batting: RHB Evan Waxman
|
0-0: Swinging Strike 0-1: Ground out 4-3 (Groundball, 4, EV 87.5 MPH)
|
Bottom of the 3rd over - 0 runs, 0 hits, 0 errors, 1 left on base; Kansas City 1 - Cleveland 0 |
TOP OF THE 4TH |
Kansas City Royals batting - Pitching for Cleveland Guardians : RHP James Tate
|
Batting: RHB Francisco Alvarez
|
0-0: Called Strike 0-1: Ball 1-1: Foul Ball, location: 25F 1-2: Strikes out swinging
|
Batting: LHB Paul Robbins
|
0-0: Swinging Strike 0-1: Ball 1-1: Fly out, F8 (Flyball, 8RD, EV 94.4 MPH)
|
Batting: RHB Kody Clemens
|
0-0: Ball 1-0: Called Strike 1-1: Foul Ball, location: 9LMF 1-2: Ball 2-2: Ball 3-2: SINGLE (Line Drive, 34D, EV 98.1 MPH)
|
Batting: RHB Daz Cameron
|
0-0: Called Strike Kody Clemens steals 2nd base 0-1: Ball 1-1: Ball 2-1: Fly out, F9 (Flyball, 9LM, EV 94.4 MPH)
|
Top of the 4th over - 0 runs, 1 hit, 0 errors, 1 left on base; Kansas City 1 - Cleveland 0 |
BOTTOM OF THE 4TH |
Cleveland Guardians batting - Pitching for Kansas City Royals : RHP Chris Rivers
|
Batting: RHB J.R. Justice
|
0-0: Foul Ball, location: 3SF 0-1: Foul Ball, location: 7LMF 0-2: Strikes out swinging
|
Batting: LHB Chris Betts
|
0-0: Swinging Strike 0-1: Swinging Strike 0-2: Foul Ball, location: 2RF 0-2: Ball 1-2: Ground out 4-3 (Groundball, 4, EV 103.1 MPH)
|
Batting: SHB Matt Jenkins
|
0-0: Fly out, F7 (Flyball, 7LM, EV 101.3 MPH)
|
Bottom of the 4th over - 0 runs, 0 hits, 0 errors, 0 left on base; Kansas City 1 - Cleveland 0 |
TOP OF THE 5TH |
Kansas City Royals batting - Pitching for Cleveland Guardians : RHP James Tate
|
Batting: LHB Bernard Blanchard
|
0-0: Ball 1-0: Ball 2-0: Foul Ball, location: 2F 2-1: DOUBLE (Groundball, 3L, EV 110.0 MPH)
|
Batting: SHB Tyler Donaldson
|
0-0: Called Strike 0-1: Foul Ball, location: 5DF 0-2: Ball 1-2: Strikes out swinging
|
Batting: LHB Gustavo López
|
0-0: Called Strike 0-1: Foul Ball, location: 5F 0-2: Ground out 5-3 (Groundball, 56S, EV 85.0 MPH)
|
Batting: SHB Nander De Sedas
|
0-0: Ball 1-0: Ball 2-0: Reached on error, E6 (Groundball, 6, EV 88.8 MPH)
|
Batting: RHB Mark Baker
|
0-0: Ball 1-0: Foul Ball, location: 7LMF 1-1: DOUBLE (Line Drive, 89XD, EV 105.6 MPH) Bernard Blanchard scores Nander De Sedas to third Runner from 3rd tries for Home, SAFE, throw by CF to home
|
Batting: RHB Francisco Alvarez
|
0-0: Foul Ball, location: 2F 0-1: Called Strike 0-2: Ball 1-2: Ball 2-2: Foul Ball, location: 9LMF 2-2: Foul Ball, location: 7LMF 2-2: SINGLE (Line Drive, 8RS, EV 91.3 MPH) Mark Baker to third Runner from 3rd tries for Home, SAFE, throw by CF to home
|
Pitching: RHP Jordan Sheffield
|
|
Batting: LHB Paul Robbins
|
0-0: Called Strike 0-1: Ball 1-1: Foul Ball, location: 7LSF 1-2: Ball 2-2: Strikes out swinging
|
Top of the 5th over - 3 runs, 3 hits, 1 error, 1 left on base; Kansas City 4 - Cleveland 0 |
BOTTOM OF THE 5TH |
Cleveland Guardians batting - Pitching for Kansas City Royals : RHP Chris Rivers
|
Batting: RHB Nick Gonzales
|
0-0: Called Strike 0-1: Ball 1-1: Foul Ball, location: 7LDF 1-2: Strikes out swinging
|
Batting: LHB Jorge Ayala
|
0-0: Ball 1-0: Foul Ball, location: 5FF 1-1: Foul Ball, location: 2LF 1-2: Ball 2-2: Foul Ball, location: 25F 2-2: Ball 3-2: Ground out 6-3 (Groundball, 6, EV 81.3 MPH)
|
Batting: RHB Jeremy Eierman
|
0-0: Foul Ball, location: 7LMF 0-1: Ball 1-1: Fly out, F8 (Flyball, 8LM, EV 84.4 MPH)
|
Bottom of the 5th over - 0 runs, 0 hits, 0 errors, 0 left on base; Kansas City 4 - Cleveland 0 |
TOP OF THE 6TH |
Kansas City Royals batting - Pitching for Cleveland Guardians : RHP Jordan Sheffield
|
Batting: RHB Kody Clemens
|
0-0: Called Strike 0-1: Foul Ball, location: 5DF 0-2: Foul Ball, location: 3SF 0-2: Ball 1-2: Foul Ball, location: 9LSF 1-2: Ball 2-2: DOUBLE (Line Drive, 89D, EV 104.4 MPH)
|
Batting: RHB Daz Cameron
|
0-0: Called Strike 0-1: Ground out 5-3 (Groundball, 5S, EV 80.0 MPH)
|
Batting: LHB Bernard Blanchard
|
0-0: Foul Ball, location: 2F 0-1: Foul Ball, location: 3SF 0-2: Ball 1-2: Strikes out swinging
|
Batting: SHB Tyler Donaldson
|
0-0: Fly out, F9 (Line Drive, 9LM, EV 90.0 MPH)
|
Top of the 6th over - 0 runs, 1 hit, 0 errors, 1 left on base; Kansas City 4 - Cleveland 0 |
BOTTOM OF THE 6TH |
Cleveland Guardians batting - Pitching for Kansas City Royals : RHP Chris Rivers
|
Batting: RHB Luke Musgrave
|
0-0: Foul Ball, location: 9LDF 0-1: Swinging Strike 0-2: Ball 1-2: SINGLE (Groundball, 5D, EV 103.1 MPH)
|
Batting: LHB Alek Thomas
|
0-0: Ball 1-0: Foul Ball, location: 2F 1-1: Ball 2-1: Ball 3-1: Foul Ball, location: 2F 3-2: Foul Ball, location: 9LMF 3-2: Fielders Choice at 2nd, 6-4 (Groundball, 56, EV 106.3 MPH)
|
Pitching: RHP Henry Lockwood
|
|
Batting: RHB Evan Waxman
|
0-0: Called Strike 0-1: Swinging Strike 0-2: Ball 1-2: Strikes out swinging
|
Batting: RHB J.R. Justice
|
0-0: Ball 1-0: Foul Ball, location: 23F 1-1: Ball 2-1: Called Strike 2-2: Foul Ball, location: 2F 2-2: Fly out, F8 (Line Drive, 8RM, EV 94.4 MPH)
|
Bottom of the 6th over - 0 runs, 1 hit, 0 errors, 1 left on base; Kansas City 4 - Cleveland 0 |
TOP OF THE 7TH |
Kansas City Royals batting - Pitching for Cleveland Guardians : RHP Jordan Sheffield
|
Batting: LHB Gustavo López
|
0-0: Ball 1-0: Called Strike 1-1: Called Strike 1-2: Strikes out looking
|
Batting: SHB Nander De Sedas
|
0-0: Ball 1-0: Swinging Strike 1-1: Ball 2-1: Ball 3-1: Base on Balls
|
Pitching: RHP Charlie Toder
|
|
Batting: RHB Mark Baker
|
0-0: Called Strike Balk! Nander De Sedas to second 0-1: Called Strike 0-2: Strikes out swinging
|
Batting: RHB Francisco Alvarez
|
0-0: SINGLE (Flyball, 8LS, EV 93.1 MPH) Nander De Sedas to third Runner from 3rd tries for Home, SAFE, throw by CF to home Francisco Alvarez to second
|
Batting: LHB Paul Robbins
|
0-0: Called Strike 0-1: Ball 1-1: Ball 2-1: Foul Ball, location: 9LMF 2-2: Ball 3-2: Fly out, F8 (Flyball, 8LXD, EV 96.3 MPH)
|
Top of the 7th over - 1 run, 1 hit, 0 errors, 1 left on base; Kansas City 5 - Cleveland 0 |
BOTTOM OF THE 7TH |
Cleveland Guardians batting - Pitching for Kansas City Royals : RHP Henry Lockwood
|
Now at 3B: Alfonso Javier
|
|
Batting: LHB Chris Betts
|
0-0: Swinging Strike 0-1: SINGLE (Line Drive, 8LS, EV 96.9 MPH)
|
Batting: SHB Matt Jenkins
|
0-0: Called Strike 0-1: Ball 1-1: Ball 2-1: Swinging Strike 2-2: Ball 3-2: Strikes out swinging
|
Batting: RHB Nick Gonzales
|
0-0: Ball 1-0: Called Strike 1-1: Ball 2-1: Called Strike 2-2: Foul Ball, location: 2F 2-2: Fly out, F9 (Flyball, 9D, EV 98.8 MPH)
|
Pitching: RHP Al Weber
|
|
Batting: LHB Jorge Ayala
|
0-0: Foul Ball, location: 7LMF 0-1: Ball 1-1: Called Strike 1-2: Strikes out swinging
|
Bottom of the 7th over - 0 runs, 1 hit, 0 errors, 1 left on base; Kansas City 5 - Cleveland 0 |
TOP OF THE 8TH |
Kansas City Royals batting - Pitching for Cleveland Guardians : RHP Charlie Toder
|
Batting: RHB Kody Clemens
|
0-0: Ball 1-0: Ball 2-0: DOUBLE (Flyball, 8RXD, EV 106.9 MPH)
|
Batting: RHB Daz Cameron
|
0-0: Swinging Strike 0-1: Ball 1-1: Ball 2-1: Ball 3-1: Foul Ball, location: 2F 3-2: SINGLE (Groundball, 34D, EV 99.4 MPH) Kody Clemens to third
|
Pitching: RHP Craig Parker
|
|
Batting: LHB Bernard Blanchard
|
0-0: Ball 1-0: SINGLE (Line Drive, 34, EV 104.4 MPH) Kody Clemens scores Daz Cameron to second
|
Batting: SHB Tyler Donaldson
|
0-0: Foul Ball, location: 5FF 0-1: Grounds into double play, 4-6-3 (Groundball, 4, EV 107.5 MPH) Daz Cameron to third
|
Batting: LHB Gustavo López
|
0-0: Ball 1-0: Called Strike 1-1: Ball 2-1: Ball 3-1: Foul Ball, location: 2F 3-2: Strikes out swinging
|
Top of the 8th over - 1 run, 3 hits, 0 errors, 1 left on base; Kansas City 6 - Cleveland 0 |
BOTTOM OF THE 8TH |
Cleveland Guardians batting - Pitching for Kansas City Royals : RHP Al Weber
|
Batting: RHB Jeremy Eierman
|
0-0: Fly out, F8 (Flyball, 78D, EV 86.3 MPH)
|
Batting: RHB Luke Musgrave
|
0-0: Ball 1-0: Ball 2-0: Foul Ball, location: 7LSF 2-1: SINGLE (Line Drive, 8LS, EV 89.4 MPH)
|
Batting: LHB Alek Thomas
|
0-0: Ball 1-0: Called Strike 1-1: Grounds into double play, 6-4-3 (Groundball, 6, EV 101.3 MPH)
|
Bottom of the 8th over - 0 runs, 1 hit, 0 errors, 0 left on base; Kansas City 6 - Cleveland 0 |
TOP OF THE 9TH |
Kansas City Royals batting - Pitching for Cleveland Guardians : RHP Craig Parker
|
Batting: RHB Alfonso Javier
|
0-0: Called Strike 0-1: Ball 1-1: Swinging Strike 1-2: Strikes out looking
|
Batting: RHB Mark Baker
|
0-0: Ball 1-0: Ball 2-0: Ball 3-0: Swinging Strike 3-1: Base on Balls
|
Batting: RHB Francisco Alvarez
|
0-0: Ball 1-0: SINGLE (Groundball, 4MD, EV 96.9 MPH) Mark Baker to second Runner from 2nd tries for 3rd, SAFE, no throw by CF
|
Batting: LHB Paul Robbins
|
0-0: Called Strike 0-1: Foul Ball, location: 2F 0-2: Strikes out looking
|
Batting: RHB Kody Clemens
|
0-0: Foul Ball, location: 2F 0-1: Ball 1-1: Ball 2-1: Ball 3-1: Swinging Strike 3-2: Base on Balls Francisco Alvarez to second
|
Batting: RHB Daz Cameron
|
0-0: Ball 1-0: Ball 2-0: Foul Ball, location: 2F 2-1: Fly out, F8 (Flyball, 8RD, EV 102.5 MPH)
|
Top of the 9th over - 0 runs, 1 hit, 0 errors, 3 left on base; Kansas City 6 - Cleveland 0 |
BOTTOM OF THE 9TH |
Cleveland Guardians batting - Pitching for Kansas City Royals : RHP Al Weber
|
Batting: RHB Evan Waxman
|
0-0: Swinging Strike 0-1: Foul Ball, location: 9LMF 0-2: Foul Ball, location: 2F 0-2: Strikes out swinging
|
Batting: RHB J.R. Justice
|
0-0: Swinging Strike 0-1: Fly out, F5 (Line Drive, 56, EV 63.8 MPH)
|
Batting: LHB Chris Betts
|
0-0: Ball 1-0: Ball 2-0: Ball 3-0: Base on Balls
|
Batting: SHB Matt Jenkins
|
0-0: Ground out U3 (Groundball, 3L, EV 102.5 MPH)
|
Bottom of the 9th over - 0 runs, 0 hits, 0 errors, 1 left on base; Kansas City 6 - Cleveland 0 |
|